Unix NetHack Version 3.7.0-86 Work-in-progress - last build May 30 2023 01:50:43 (cc98dc9aa62a9957b082a042edf5bd7ec9f632c7,branch:master). Game began 2023-06-04 17:09:31, ended 2023-06-04 19:54:00. Boxo, chaotic female elven Wizard ----- ----- |*.............................0 .| |...| |*---------- ------------ -----------.| |...---- ----- |.#......%........%....%............|.| |.|....-- --...--- |.|.---------.-------.-------------.|.| |.|---..| |......--- -- |.|.|....| |.|.....|.|...|...|...|.|.---.| |...| |........--.-- |.|.|....| .|.._..|.-...|.......|.|.....| |...--- --............| |.|.|... |.|.....|.|...|...|...|.|.....| --....| |.............| --.|.--.------.|.....|.----|...|...|.|....--------.| |............-- |..|.[.........--...--../..--+---.--.|.------.----.-- |.....@..-...| |-.|)........{)0......{.................###%....|...| |...........-- |...)[[.......)0...........--|---0--.|.-- |....<..-- |..>[...---.--------..|.--|---.-----......--|-|...|...|.|..| |.....--- -..(--.-- |...........#.|...|...|..|......|...|...|...|.|.-- |....-- |....|--- -----------.|.|.*.|...|..-......|...|...|...|.#.| ---..| --...| |.|.|...|..(...|......|.(.|...|.(.|.|.--- ---- |..-- --.|.------------......-------------0|...| --- --..|0...[..%....0......0 |...-- |...------------------#----------------....| --.........%)...........................|..| ------------------------------------------- Boxo the Thaumaturge St:10 Dx:13 Co:12 In:20 Wi:14 Ch:11 Chaotic S:5742 Dlvl:5 $:0 HP:59(59) Pw:89(89) AC:10 Xp:8/1358 T:4759 Blind Deaf Latest messages: H - a towel. What do you want to name? [abefi-nqu-yA-CHINOWYZ or ?*] What do you want to put on? [aimHN or ?*] You are now wearing a towel around your head. You can't see any more. What do you want to remove? [HI or ?*] You can't. It is cursed. You drop 445 gold pieces. You drop a copper ring named ><. You drop a shiny ring named ><. You drop a shiny ring named ><. You drop a tiger eye ring named ><. You cannot drop something you are wearing. You cannot drop something you are wearing. You cannot drop something you are wearing. You cannot drop something you are wearing. You drop a +0 red-eyed shield named >>>>. You cannot drop something you are wearing. You cannot drop something you are wearing. You drop a thonged club named !c. You drop an uncursed bugle named <<. You drop a key named <<. You drop a lamp named <<. You drop a pick-axe named !c <<. You cannot drop something you are wearing. You drop a scroll called - named >>. You drop a scroll called - named >>. You drop a scroll called - named >>. You drop a clear potion named ><. You drop a murky potion named ><. You drop a white potion named ><. You drop a wand called teleport? named <<3. You drop a wand of light named <<4. You drop a wand of striking named -. You were wearing a +0 pair of fencing gloves named !c. You were wearing an uncursed +0 cloak of magic resistance. You were wearing a +0 elven leather helm named !c. You were wearing a +0 studded leather armor named !c. You were wearing a +0 pair of hard shoes named !c. You finish disrobing. You drop a +0 elven leather helm named !c. You drop a +0 pair of fencing gloves named !c. You drop a +0 pair of hard shoes named !c. You drop an uncursed +0 cloak of magic resistance. You drop a +0 studded leather armor named !c. You feel an unseen monster! You feel an unseen monster! It stole an uncursed ring of slow digestion. Really quit? [yn] (n) Do you want your possessions identified? [ynq] (y) Inventory: Tools H - a cursed towel (being worn) Boxo the Wizard's attributes: Background: You were a Thaumaturge, a level 8 female elven Wizard. You were chaotic, nominally on a mission for Anhur who was opposed by Ptah (lawful) and Thoth (neutral). You were in the Gnomish Mines, on level 5. You entered the dungeon 4759 turns ago. There was a full moon in effect when your adventure ended. You had 1358 experience points, 1202 more were needed to attain level 9. Your score was 5742 before end-of-game adjustments. Basics: You had all 59 hit points. You had all 89 energy points (spell power). Your armor class was 10. Your wallet was empty. Autopickup was on for '$"?!=/' plus thrown, with exceptions. Final Characteristics: Your strength was 10 (peak:11, limit:18). Your dexterity was 13 (limit:18). Your constitution was 12 (limit:16). Your intelligence was 20 (limit:20). Your wisdom was 14 (limit:20). Your charisma was 11 (limit:18). Final Status: You were deliberately blind. You were deaf. You were not hungry. You were unencumbered. You were bare handed. You were unskilled in bare handed combat. You were not wearing any armor. Final Attributes: You were piously aligned. You were sleep resistant. You had infravision. You were invisible. You were lucky. You survived. Miscellaneous: You disabled loading of bones levels. Total elapsed playing time was 2 hours, 30 minutes and 5 seconds. Major events: Turn 1: Boxo the chaotic female elven Wizard entered the dungeon 472: entered the Gnomish Mines 1632: attained the rank of Conjurer (level 3) 2775: attained the rank of Thaumaturge (level 6) 4759: quit Vanquished creatures: an ettin zombie 3 winter wolf cubs a leprechaun 4 orc-captains a snake an ape a mountain nymph 4 Mordor orcs 7 Uruk-hai 2 orc shamans 8 gnome leaders 2 gnomish wizards a kobold mummy a floating eye 11 dwarves a homunculus 16 hill orcs a rothe an iguana an acid blob a hobbit 4 manes a large kobold an orc 2 giant rats a green mold a red mold 25 gnomes 4 garter snakes a gnome zombie 10 jackals a fox 2 kobolds 4 goblins a lichen 3 kobold zombies 2 newts 132 creatures vanquished. No species were genocided or became extinct. Voluntary challenges: You were deaf from birth. You went without food. You were an atheist. You never hit with a wielded weapon. You were illiterate. You never engraved Elbereth. You never had a pet. You never genocided any monsters. You never polymorphed an object. You never changed form. You used no wishes. Achievements: You entered the Gnomish Mines. You attained the rank of Conjurer. You attained the rank of Thaumaturge. The Dungeons of Doom: levels 1 to 5 Level 1: Level 2: An altar. Stairs down to The Gnomish Mines. Level 3: A fountain. Level 4: A fountain. Level 5: The Gnomish Mines: levels 3 to 7 Level 3: Level 4: Level 5: <- You were here. An altar, some fountains. Level 6: Level 7: Goodbye Boxo the Wizard... You quit in The Gnomish Mines on dungeon level 5 with 5742 points, and 0 pieces of gold, after 4759 moves. You were level 8 with a maximum of 59 hit points when you quit.